 Dungeon Crawl Stone Soup version 0.30-a0-578-gdee14c521f (webtiles) character file.

Game seed: 13062402949630943734

1222 miket3c the Chopper (level 8, -6/106 HPs)
             Began as a Minotaur Fighter on Dec 31, 2022.
             Was a Follower of Trog.
             Mangled by an unseen horror (8 damage)
             ... on level 6 of the Dungeon.
             The game lasted 00:09:51 (4648 turns).

miket3c the Chopper (Minotaur Fighter)              Turns: 4648, Time: 00:09:52

Health: -6/106     AC: 10    Str: 22    XL:     8   Next: 23%
Magic:  7/7        EV:  7    Int: 11    God:    Trog [*.....]
Gold:   324        SH: 11    Dex: 17    Spells: 7/7 levels left

rFire   . . .      SeeInvis .    a - +0 war axe
rCold   . . .      Faith    .    c - +0 buckler
rNeg    . . .      Spirit   .    j - +0 chain mail
rPois   .          Reflect  +    (helmet restricted)
rElec   .          Harm     .    (no cloak)
rCorr   .          Rampage  .    (no gloves)
Will    .....                    (no boots) Stlth
                                 q - amulet of reflection
HPRegen 0.37/turn                w - +6 ring of dexterity
MPRegen 0.10/turn                A - +6 ring of intelligence

@: berserking (expiring), lethally poisoned (-6 -> -15), very quick
A: horns 2, retaliatory headbutt
a: Renounce Religion, Berserk


You were on level 6 of the Dungeon.
You worshipped Trog.
Trog was aware of your devotion.
You visited 2 branches of the dungeon, and saw 7 of its levels.

You collected 324 gold pieces.

Inventory:

Hand Weapons
 a - a +0 war axe (weapon)
 D - a +0 battleaxe
Missiles
 v - a throwing net
 y - 10 poisoned darts (quivered)
Armour
 b - a +0 scale mail
 c - a +0 buckler (worn)
 j - a +0 chain mail (worn)
Jewellery
 q - an amulet of reflection (around neck)
 w - a +6 ring of dexterity (left hand)
 A - a +6 ring of intelligence (right hand)
 C - an amulet of the acrobat
Scrolls
 d - a scroll of fear {unknown}
 e - a scroll of enchant armour {unknown}
 h - a scroll of torment {unknown}
 i - 3 scrolls of teleportation {unknown}
 k - 2 scrolls of magic mapping {unknown}
 l - a scroll of fog {unknown}
 n - 5 scrolls of identify {unknown}
 r - a scroll of enchant weapon {unknown}
 t - a scroll of amnesia {unknown}
 u - a scroll of summoning {unknown}
 x - 2 scrolls of acquirement {unknown}
Potions
 f - a potion of degeneration
 g - 3 potions of mutation {unknown}
 m - a potion of attraction
 o - 5 potions of curing {unknown}
 p - a potion of invisibility {unknown}
 s - a potion of brilliance {unknown}
 z - a potion of lignification {unknown}
 B - a potion of flight {unknown}


   Skills:
 + Level 6.4 Fighting
 * Level 7.9 Axes
 + Level 6.3 Armour
 + Level 6.4 Shields


You had 7 spell levels left.
You didn't know any spells.
Your spell library contained the following spells:

 Spells                   Type           Power      Damage    Failure   Level
 Foxfire                  Conj/Fire      0%         2x1d4     97%         1
 Ensorcelled Hibernation  Hex/Ice        0%         N/A       99%         2
 Ignite Poison            Fire/Tmut/Pois 0%         N/A       100%        3
 Spider Form              Tmut/Pois      0%         N/A       100%        3
 Anguish                  Hex/Necr       0%         N/A       100%        4
 Sticky Flame             Conj/Fire      0%         2d3       100%        4
 Fireball                 Conj/Fire      0%         3d3       100%        5
 Starburst                Conj/Fire      0%         6d3       100%        6
 Ignition                 Fire           0%         3d3       100%        8


Dungeon Overview and Level Annotations

Branches:
Dungeon (6/15)             Temple (1/1) D:4

Altars:
Cheibriados
Dithmenos
Elyvilon
Fedhas
Gozag
Hepliaklqana
Kikubaaqudgha
Makhleb
Nemelex Xobeh
Qazlal
Ru
Trog
Uskayaw
Wu Jian
Yredelemnul
Zin
The Shining One

Shops:
D:4 *:

Annotations:
D:3 2 runed translucent doors, wormed's ghost, weakling SpHu


Innate Abilities, Weirdness & Mutations

You have a pair of horns on your head.
You reflexively headbutt those who attack you in melee.


Message History

You feel very sick. Something hits you. Dowan barely misses you.
You furiously retaliate!
You headbutt Dowan!
You kill Dowan!
Trog accepts your kill.
Trog appreciates your killing of a magic user.
The steam dragon breathes steam at you. The ball of steam hits you!
* * * LOW HITPOINT WARNING * * *
* * * LOW HITPOINT WARNING * * *
You feel very sick. Something hits you but does no damage.
Items here: )) [[ †.
You miss something. Your headbutt misses something. You slash the steam dragon!
* * * LOW HITPOINT WARNING * * *
You feel very sick. Something hits you.
* * * LOW HITPOINT WARNING * * *
The steam dragon closely misses you. The steam dragon barely misses you.
Something hits you but does no damage.
You closely miss something. You slash the steam dragon!
* * * LOW HITPOINT WARNING * * *
You feel very sick. Something hits you.
* * * LOW HITPOINT WARNING * * *
You block the steam dragon's attack. The steam dragon claws you.
* * * LOW HITPOINT WARNING * * *
* * * LOW HITPOINT WARNING * * *
You feel sick.
Things that are here:
a +0 short sword; a +3 leather armour of willpower; the elf corpse of Duvessa You are too berserk!
Unknown command.
Calm down first, please.
There is a lethal amount of poison in your body!
You miss something. You headbutt something.
You completely miss the steam dragon.
* * * LOW HITPOINT WARNING * * *
You feel sick. Something hits you!
You die...

.# ####.##.#.#
.########†##.#.#
.........)##.#.#
..##########.#.#
..# ##.#.####
..# #.#.##..##
..# #.##8..8##
### #...)D...# #
##..§@...# #
###8..8## #
##..## # ...# #
##... # #.#. .
.# .#


You could see a steam dragon.

Vanquished Creatures
  A water moccasin (D:5)
  An orc warrior (D:6)
  Duvessa (D:6)
  2 black bears (D:5)
  A phantom (D:4)
  A scorpion (D:5)
  Dowan (D:6)
  A howler monkey (D:5)
  2 hounds
  An orc priest (D:5)
  A gnoll bouda (D:4)
  Natasha (thrice) (D:2)
  An iguana (D:4)
  4 orc wizards
  5 gnolls
  8 adders
  2 ufetubi
  2 dart slugs
  14 orcs
  6 ball pythons
  6 endoplasms
  3 giant cockroaches
  4 hobgoblins
  5 kobolds
  5 quokkas
  8 bats
  A frilled lizard (D:1)
  4 rats
94 creatures vanquished.

Vanquished Creatures (others)
  9 plants (D:5)
9 creatures vanquished.

Grand Total: 103 creatures vanquished

Notes
Turn   | Place    | Note
-------+----------+-------------------------------------------
     0 | D:1      | miket3c the Minotaur Fighter began the quest for the Orb.
     0 | D:1      | Reached XP level 1. HP: 19/19 MP: 0/0
   222 | D:1      | Reached XP level 2. HP: 27/27 MP: 1/1
   348 | D:1      | Reached skill level 3 in Axes
   595 | D:2      | Noticed Natasha
   601 | D:2      | Killed Natasha
   602 | D:2      | Reached XP level 3. HP: 18/33 MP: 2/2
   606 | D:2      | Noticed Natasha
   623 | D:2      | Killed Natasha
   624 | D:2      | Reached XP level 4. HP: 11/40 MP: 3/3
   902 | D:2      | Noticed Natasha
   908 | D:2      | Killed Natasha
   909 | D:2      | Reached skill level 4 in Axes
  1331 | D:3      | Reached XP level 5. HP: 39/47 MP: 4/4
  1750 | D:3      | Found a runed translucent door.
  1754 | D:3      | Noticed wormed's ghost (weakling SpHu)
  1801 | D:3      | Found a runed translucent door.
  1977 | D:4      | Found a staircase to the Ecumenical Temple.
  1995 | Temple   | Entered the Ecumenical Temple
  2347 | Temple   | Became a worshipper of Trog the Wrathful
  2468 | D:4      | Reached skill level 5 in Axes
  2591 | D:4      | Reached XP level 6. HP: 46/55 MP: 5/5
  3076 | D:4      | Reached skill level 5 in Fighting
  3076 | D:4      | Reached skill level 5 in Shields
  3079 | D:4      | Reached skill level 5 in Armour
  3177 | D:4      | Found Zin's Purification Station.
  3180 | D:4      | Found a glowing silver altar of Zin.
  3342 | D:4      | Found Poant's Vocational Training.
  3392 | D:4      | Reached * piety under Trog
  3442 | D:4      | Found a sacrificial altar of Ru.
  3544 | D:5      | Entered Level 5 of the Dungeon
  3645 | D:5      | Reached skill level 6 in Axes
  3645 | D:5      | Reached XP level 7. HP: 54/61 MP: 6/6
  4114 | D:5      | Reached skill level 7 in Axes
  4136 | D:5      | Found a shadowy altar of Dithmenos.
  4172 | D:5      | Found an opulent altar of Gozag.
  4535 | D:6      | Reached XP level 8. HP: 70/70 MP: 7/7
  4632 | D:6      | Noticed Dowan
  4634 | D:6      | Noticed Duvessa
  4641 | D:6      | Killed Duvessa
  4643 | D:6      | Killed Dowan
  4647 | D:6      | HP: 4/106 [poisoned by Dowan]
  4648 | D:6      | Mangled by an unseen horror

Illustrated notes

Levels and vault maps discovered:
D:1:      eino_arrival_water_star, layout_rooms
D:2:      layout_rooms, uniq_natasha
D:3:      layout_rooms, ebering_ghost_sewer_f, st_stairs_1
D:4:      layout_loops_ring, mainiacjoe_overflow_tiny_flanked, zin_purify,
          temple_pool_b, nicolae_shop_vocational
D:5:      layout_loops_corners, mainiacjoe_overflow_catwalk, lemuel_round_altar,
          nrook_loot_triangle, serial_bayou_lake_a
D:6:      kennysheep_steamy, layout_loops_ring, st_stairs_6,
          kennysheep_generic_room_15, uniq_duvessa, uniq_grinder, uniq_sigmund
Temple:   compressed_dpeg_triangle_lava_temple

Skill      XL: |  1  2  3  4  5  6  7 |
---------------+----------------------+-----
Axes           | 3 4 5 6 7 |  7.9
Fighting       | 4 5 6 |  6.4
Armour         | 4 5 6 |  6.3
Shields        | 4 5 6 |  6.4

Action                   |  1- 3 |  4- 6 |  7- 9 || total
-------------------------+-------+-------+-------++-------
Melee: War axe           |    44 |   124 |    59 ||   227
       Headbutt          |     7 |    17 |    12 ||    36
Throw: Dart              |       |       |     4 ||     4
       Throwing net      |       |       |     1 ||     1
Invok: Berserk           |       |       |     2 ||     2
  Use: Potion            |     3 |       |       ||     3
Armor: Scale mail        |    14 |       |       ||    14
       Chain mail        |    20 |    69 |    33 ||   122
Dodge: Dodged            |    23 |    64 |    12 ||    99
Block: Buckler           |    15 |    36 |    22 ||    73

Table legend: (Time is in decaauts)
 A = Elapsed time spent in this place.
 B = Non-inter-level travel time spent in this place.
 C = Inter-level travel time spent in this place.
 D = Time resting spent in this place.
 E = Time spent auto-exploring this place.
 F = Levels seen in this place.
 G = Mean time per level.
                   A        B        C        D        E       F      G
               +--------+--------+--------+--------+--------+-----+--------+
         Total |   4795 |   4616 |    179 |    961 |   2915 |   7 |  685.0 |
       Dungeon |   4430 |   4269 |    161 |    961 |   2579 |   6 |  738.3 |
        Temple |    365 |    347 |     18 |      0 |    336 |   1 |  365.0 |
               +--------+--------+--------+--------+--------+-----+--------+

Top non-repeatable levels by time:
     D:3: 1275 daAuts
     D:5: 1006 daAuts
     D:4: 776 daAuts
     D:1: 618 daAuts
     D:2: 598 daAuts
  Temple: 365 daAuts
     D:6: 153 daAuts
